[Event "Festival Groningen-A 2024"]
[Site "Groningen"]
[Date "2024.12.24"]
[Round "4.30"]
[White "Wouters, Casper"]
[Black "Boeren, Jurriaan"]
[Result "0-1"]
[ECO "C54"]
[WhiteElo "2110"]
[BlackElo "2147"]
[Annotator "RC"]
[PlyCount "98"]
[EventDate "2024.12.21"]
[EventType "swiss"]
[EventCountry "NED"]
[SourceTitle "playchess.com"]
[Source "ChessBase"]
[SourceQuality "1"]
[TimeControl "40/5400+30:1800+30"]

1. e4 e5 2. Nf3 Nc6 3. Bc4 Nf6 4. d3 Bc5 5. c3 a6 6. O-O d6 7. a4 Ba7 8. Re1 O-O 9. h3 h6 10. Nbd2 Re8 11. b4 Be6 12. Bxe6 Rxe6 13. Bb2 Qd7 14. Nb3 Ne7 15. Qc2 Ng6 16. d4 Nf4 17. c4 N6h5 18. Re3 Qe7 19. Kh2 Re8 20. g3 Ng6 21. Rae1 Nf6 22. d5 Bxe3 23. Rxe3 Nxd5 24. cxd5 Rf6 25. Nbd2 Qd7 26. Rc3 Re7 27. Kg2 h5 28. h4 Qg4 29. Kf1 Nf8 30. Ke2 Nh7 31. Nf1 g5 32. Qb1 gxh4 33. gxh4 Rf4 34. Re3 f5 35. N1h2 Qg2 36. Qf1 Qxf1+ 37. Nxf1 fxe4 38. N3d2 Nf6 39. Rg3+ Ng4 40. Ke1 Kh7 41. Bc3 Ref7 42. Ne3 Nxf2 43. Ng2 Rg4 44. Rxg4 hxg4 45. Ke2 Kg6 46. Nf1 Nd3 47. Be1 Nc1+ 48. Kd1 Rxf1 49. Kxc1 Rg1 0-1